 Dungeon Crawl Stone Soup version 0.19.1 (webtiles) character file.

88 Azzok the Sneak (level 4, 0/21 HPs)
             Began as a Spriggan Earth Elementalist on Nov 29, 2016.
             Slain by a gnoll
             ... wielding a +0 whip of draining
              (1 damage)
             ... on level 2 of the Dungeon.
             The game lasted 00:03:41 (1314 turns).

Azzok the Sneak (Spriggan Earth Elementalist)       Turns: 1314, Time: 00:03:42

Health: 0/21       AC:  2    Str:  4    XL:     4   Next: 30%
Magic:  1/10       EV: 18    Int: 17    God:
Gold:   32         SH:  0    Dex: 16    Spells: 2 memorised, 6 levels left

rFire  . . .     SeeInvis +     a - +0 dagger
rCold  . . .     Gourm    .     c - +0 robe
rNeg   . . .     Faith    .     (shield restricted)
rPois  .         Spirit   .     (helmet restricted)
rElec  .         Reflect  .     (no cloak)
rCorr  .         Harm     .     (gloves unavailable)
MR     .....                    (boots unavailable)
Stlth  +++.......               (no amulet)
                                (no ring)
                                (no ring)

@: drained, very quick
A: unfitting armour, see invisible, herbivore 3, speed 3, slow metabolism 2
a: no special abilities


You were on level 2 of the Dungeon.
You were not hungry.

You visited 1 branch of the dungeon, and saw 2 of its levels.

You collected 32 gold pieces.

Inventory:

Hand Weapons
 a - a +0 dagger (weapon)
 f - a +0 spear
Missiles
 b - 41 stones (quivered)
Armour
 c - a +0 robe (worn)
Potions
 g - a potion of lignification {unknown}
 j - 3 potions of curing {unknown}
Books
 e - a book of Geomancy

   Spells                             Type                      Level
   a - Sandblast                      Earth                        1
   b - Passwall                       Transmutation/Earth          2
   c - Stone Arrow                    Conjuration/Earth            3
   d - Petrify                        Transmutation/Earth          4
   e - Lee's Rapid Deconstruction     Earth                        5
Comestibles
 d - 2 bread rations


   Skills:
 - Level 3.1(2.7) Dodging
 * Level 5.6(5.3) Stealth
 + Level 3.6(3.2) Spellcasting
   Level 1.3(1.0) Transmutations
 + Level 3.2(2.9) Earth Magic


You had 6 spell levels left.
You knew the following spells:

 Your Spells              Type           Power        Failure   Level  Hunger
a - Sandblast             Erth           ##....       6%          1    None
b - Stone Arrow           Conj/Erth      #.....       30%         3    ###....


Dungeon Overview and Level Annotations

Branches:
Dungeon (2/15)

Altars:
Fedhas
Makhleb
Qazlal
Zin


Innate Abilities, Weirdness & Mutations

You are very small and have problems with some larger weapons.
You are too small for most types of armour.
You have supernaturally acute eyesight. (SInv)
You are a herbivore.
You cover ground extremely quickly.
You need consume almost no food.


Message History

Aiming: Stone Arrow
Press: ? - help, Shift-Dir - straight line, f - gnoll
Aim: a gnoll, wielding a whip of draining The stone arrow hits the gnoll.
The gnoll is almost dead.
* * * LOW MAGIC WARNING * * *
The gnoll closely misses you.
Casting: Stone Arrow
Confirm with . or Enter, or press ? or * to list all spells.
You don't have enough magic to cast that spell.
You hit the gnoll.
The gnoll is almost dead.
The gnoll barely misses you.
You hit the gnoll but do no damage.
The gnoll is almost dead.
The gnoll hits you with a flail!
The gnoll hits you with a whip of draining!
* * * LOW HITPOINT WARNING * * *
You feel drained.
You die...

· ·· ▒▒ ·▒ ▒· ··
▒·▒▒ ·▒ · ▒▒▒
▒)▒▒▒·▒···▒
··▒▒▒g@g··▒
▒·▒·▒▒▒··▒ ▒·▒▒
·▒
▒▒▒▒▒▒·▒▒▒▒····
▒············▒▒▒
▒·▒▒▒▒·▒▒▒▒▒·▒
▒· ·▒▒ ▒·▒ ▒·▒
·· ·▒ ·· ▒·▒ ▒·▒
·▒ ▒·▒▒▒·▒ ▒·▒
▒·· ·· ······


You could see 2 gnolls.

Vanquished Creatures
  Ijyb (D:2)
  A gnoll (D:2)
  3 adders (D:2)
  An ooze (D:1)
  A leopard gecko (D:1)
  A ball python (D:1)
  4 bats
  A giant cockroach (D:1)
  2 goblins
  2 hobgoblins
  2 frilled lizards
  4 kobolds
  2 rats
25 creatures vanquished.

Notes
Turn   | Place    | Note
-------+----------+-------------------------------------------
     0 | D:1      | Azzok the Spriggan Earth Elementalist began the quest for the Orb.
     0 | D:1      | Reached XP level 1. HP: 9/9 MP: 5/5
   210 | D:1      | Reached XP level 2. HP: 7/13 MP: 6/6
   585 | D:1      | Reached skill level 4 in Stealth
   823 | D:2      | Reached XP level 3. HP: 16/16 MP: 5/8
   889 | D:2      | Found a stormy altar of Qazlal.
   891 | D:2      | Found a blossoming altar of Fedhas.
  1088 | D:2      | Reached skill level 5 in Stealth
  1101 | D:2      | Noticed Ijyb
  1167 | D:2      | Killed Ijyb
  1167 | D:2      | Reached XP level 4. HP: 14/21 MP: 1/10
  1250 | D:2      | Learned a level 3 spell: Stone Arrow
  1258 | D:2      | Found a glowing silver altar of Zin.
  1259 | D:2      | Found a burning altar of Makhleb.
  1260 | D:2      | Noticed an angel
  1261 | D:2      | Noticed a green death
  1314 | D:2      | HP: 1/21 [gnoll/whip of draining (9)]
  1314 | D:2      | Slain by a gnoll

Skill      XL: |  1  2  3 |
---------------+----------+-----
Spellcasting   | 3 |  3.6
Stealth        | 4 5 |  5.6
Earth Magic    | 3 |  3.2
Dodging        | |  3.1
Transmutations | |  1.3

Action                   |  1- 3 |  4- 6 || total
-------------------------+-------+-------++-------
Melee: Spear             |    34 |       ||    34
       Dagger            |    32 |     3 ||    35
       Short sword       |     9 |       ||     9
 Cast: Sandblast         |    20 |       ||    20
       Stone Arrow       |       |     3 ||     3
  Use: Scroll            |     2 |       ||     2
 Stab: Sleeping          |     4 |     1 ||     5
       Distracted        |     1 |       ||     1
Armor: Robe              |     3 |       ||     3
Dodge: Dodged            |    71 |     6 ||    77
